 Dungeon Crawl Stone Soup version 0.19-b1-4-gd8a0a2a (webtiles) character file.

1242 tv1990 the Chopper (level 8, -1/64 HPs)
             Began as a Formicid Monk on Oct 30, 2016.
             Was a Follower of Okawaru.
             Slain by a vampire mosquito (7 damage)
             ... on level 12 of the Dungeon.
             The game lasted 00:16:10 (4850 turns).

tv1990 the Chopper (Formicid Monk)                  Turns: 4850, Time: 00:16:10

Health: -1/64      AC: 10    Str: 17    XL:     8   Next: 78%
Magic:  0/9        EV:  8    Int:  9    God:    Okawaru [*.....]
Gold:   191        SH:  0    Dex: 15    Spells: 0 memorised, 7 levels left

rFire  . . .     SeeInvis +     a - +1 hand axe
rCold  . . .     Gourm    .     g - +0 chain mail
rNeg   . . .     Faith    .     (no shield)
rPois  .         Spirit   +     (helmet unavailable)
rElec  .         Reflect  .     (no cloak)
rCorr  .         Harm     .     (no gloves)
MR     .....                    k - +0 pair of boots
Stlth  ..........               n - amulet of guardian spirit
                                (no ring)
                                (no ring)

@: starving, drained
A: permanent stasis, dig shafts and tunnels, four strong arms, antennae 3
a: Dig, Shaft Self, Heroism, Renounce Religion


You were on level 12 of the Dungeon.
You worshipped Okawaru.
Okawaru was aware of your devotion.
You were starving.

You visited 2 branches of the dungeon, and saw 10 of its levels.
You also visited: Sewer.

You collected 191 gold pieces.

Inventory:

Hand Weapons
 a - a +1 hand axe (weapon)
 t - a +2 whip of flaming
 u - a +0 hand crossbow
Missiles
 v - 69 bolts
Armour
 b - a +0 robe
 d - a +0 ring mail
 g - a +0 chain mail (worn)
 k - a +0 pair of boots (worn)
 l - a +1 scale mail
Jewellery
 n - an amulet of guardian spirit (around neck)
Wands
 i - a wand of digging (8/24)
 x - a wand of paralysis (4/24)
Scrolls
 s - a scroll of amnesia
 y - a scroll of enchant armour
Potions
 f - a potion of cure mutation
 h - 5 potions of curing {unknown}
 o - a potion of invisibility
 p - 3 potions of flight {unknown}
Comestibles
 c - a bread ration
 j - a slice of pizza
 m - a beef jerky
 r - 2 meat rations
 w - a royal jelly


   Skills:
 - Level 6.2(6.1) Fighting
 - Level 7.7(7.5) Axes
 - Level 5.0(4.8) Armour
 - Level 2.8(2.6) Dodging
 - Level 2.4(2.2) Stealth
 + Level 1.4(1.3) Invocations


You had 7 spell levels left.
You didn't know any spells.

Dungeon Overview and Level Annotations

Branches:
Dungeon (7/15)             Temple (1/1) D:6

Altars:
Cheibriados
Dithmenos
Elyvilon
Gozag
Hepliaklqana
Kikubaaqudgha
Makhleb
Okawaru
Qazlal
Ru
Trog
Vehumet
Xom
Yredelemnul
Zin


Innate Abilities, Weirdness & Mutations

You are under a permanent stasis effect.
You can dig through walls and to a lower floor.
Your four strong arms can wield two-handed weapons with a shield.
You have a pair of large antennae on your head. (SInv)


Message History

You closely miss the vampire mosquito. You hit the vampire mosquito.
The vampire mosquito bites you but does no damage.
The vampire mosquito barely misses you.
You hit the vampire mosquito.
The vampire mosquito is moderately damaged.
You hit the vampire mosquito but do no damage.
The vampire mosquito bites you but does no damage.
The vampire mosquito bites you!
* * * LOW HITPOINT WARNING * * *
The vampire mosquito draws strength from your injuries!
The vampire mosquito bites you but does no damage.
The vampire mosquito bites you!
* * * LOW HITPOINT WARNING * * *
The vampire mosquito draws strength from your injuries!
You are starving!
The vampire mosquito bites you.
* * * LOW HITPOINT WARNING * * *
The vampire mosquito draws strength from your injuries!
The vampire mosquito bites you!
You die...

###
########y########
.......yy@.......
#####..######....
#.. # #.. #.y #..
#.. #..


You could see 3 vampire mosquitoes.

Vanquished Creatures
  Pikel (D:6)
  A slave (D:6)
  Blork the orc (D:6)
  A bullfrog (D:3)
  A wight (D:8)
  A howler monkey (D:3)
  2 bullfrog zombies (D:6)
  A centaur skeleton (D:6)
  2 hounds
  2 orc priests (D:3)
  An orc wizard (D:3)
  Natasha (twice) (D:3)
  2 worker ants
  Robin (D:2)
  6 adders
  4 river rats (Sewer)
  2 shadow imps
  An ooze (D:1)
  2 worms (D:3)
  2 dart slugs
  5 leopard geckos
  10 orcs
  2 giant cockroaches
  17 goblins
  6 hobgoblins
  11 jackals
  3 quokkas
  6 ball pythons
  7 bats
  8 frilled lizards
  18 kobolds
  A quokka skeleton (D:6)
  24 rats
154 creatures vanquished.

Vanquished Creatures (others)
  A ball python (D:6)
1 creature vanquished.

Grand Total: 155 creatures vanquished

Notes
Turn   | Place    | Note
-------+----------+-------------------------------------------
     0 | D:1      | tv1990 the Formicid Monk began the quest for the Orb.
     0 | D:1      | Reached XP level 1. HP: 18/18 MP: 1/1
   256 | D:1      | Reached XP level 2. HP: 24/24 MP: 2/2
   589 | D:1      | Reached XP level 3. HP: 22/29 MP: 3/3
   622 | D:1      | Reached skill level 1 in Armour
   849 | D:2      | Noticed Robin
   873 | D:2      | Killed Robin
   873 | D:2      | Reached skill level 4 in Axes
   873 | D:2      | Reached XP level 4. HP: 33/37 MP: 4/4
  1483 | D:3      | Reached XP level 5. HP: 31/42 MP: 5/5
  1626 | D:3      | Found a glowing drain.
  1634 | Sewer    | Entered a sewer
  1938 | Sewer    | Reached skill level 5 in Axes
  1938 | Sewer    | Reached XP level 6. HP: 32/48 MP: 6/6
  2525 | D:3      | Noticed Natasha
  2544 | D:3      | Killed Natasha
  2739 | D:3      | Reached XP level 7. HP: 14/55 MP: 7/7
  3131 | D:3      | Noticed Natasha
  3144 | D:3      | Killed Natasha
  3144 | D:3      | Reached skill level 6 in Axes
  3231 | D:3      | Reached skill level 5 in Fighting
  4156 | D:4      | You fall through a shaft for 2 floors!
  4274 | D:6      | Noticed Blork the orc
  4295 | D:6      | Killed Blork the orc
  4295 | D:6      | Reached XP level 8. HP: 40/63 MP: 6/8
  4311 | D:6      | Noticed Pikel
  4339 | D:6      | Killed Pikel
  4339 | D:6      | Reached skill level 7 in Axes
  4498 | D:6      | Reached skill level 5 in Armour
  4535 | D:6      | Found a staircase to the Ecumenical Temple.
  4543 | D:6      | Found a stormy altar of Qazlal.
  4546 | Temple   | Entered the Ecumenical Temple
  4557 | Temple   | Became a worshipper of Warmaster Okawaru
  4557 | Temple   | Reached * piety under Okawaru
  4557 | Temple   | Reached ** piety under Okawaru
  4571 | D:6      | Found a sacrificial altar of Ru.
  4573 | D:6      | Found a bloodstained altar of Trog.
  4591 | D:6      | HP: 3/64 [acid (5)]
  4600 | D:6      | You fall through a shaft!
  4600 | D:7      | Noticed a hippogriff
  4614 | D:7      | You fall through a shaft!
  4811 | D:8      | Reached skill level 1 in Invocations
  4814 | D:8      | You fall through a shaft for 2 floors!
  4814 | D:10     | Entered Level 10 of the Dungeon
  4828 | D:10     | Noticed a wyvern
  4845 | D:10     | You fall through a shaft for 2 floors!
  4850 | D:12     | Slain by a vampire mosquito

Skill      XL: |  1  2  3  4  5  6  7  8 |
---------------+-------------------------+-----
Armour         | 1 2 3 4 5 |  5.0
Axes           | 4 5 6 7 |  7.7
Fighting       | 4 5 6 |  6.2
Invocations    | 1 |  1.4
Dodging        | |  2.8
Stealth        | |  2.4

Action                   |  1- 3 |  4- 6 |  7- 9 || total
-------------------------+-------+-------+-------++-------
Melee: Hand axe          |   109 |   279 |   236 ||   624
Invok: Heroism           |       |       |     1 ||     1
 Abil: Dig               |     1 |     6 |     9 ||    16
       Shaft Self        |       |       |     5 ||     5
Evoke: Wand              |       |       |     1 ||     1
  Use: Scroll            |     2 |     6 |     5 ||    13
       Potion            |       |     1 |     3 ||     4
 Stab: Sleeping          |     1 |       |       ||     1
  Eat: Chunk             |       |     8 |     8 ||    16
Armor: Ring mail         |     7 |       |       ||     7
       Scale mail        |    21 |    32 |       ||    53
       Chain mail        |       |   113 |   111 ||   224
Dodge: Dodged            |    64 |   124 |   103 ||   291

Table legend:
 A = Turns spent in this place as a percentage of turns spent in the entire game.
 B = Non-inter-level travel turns spent in this place as a percentage of non-inter-level travel turns spent in the entire game.
 C = Inter-level travel turns spent in this place as a percentage of turns spent in this place.
 D = Turns resting spent in this place as a percentage of non-inter-level travel turns spent in this place.
 E = Turns spent auto-exploring this place as a percentage of non-inter-level travel turns spent in this place.
 F = Non-inter-level travel turns spent in this place divided by the number of levels of this place that you've seen.
                   A       B       C       D       E      F
               +-------+-------+-------+-------+-------+----------------------
         Total | 100.0 | 100.0 |   0.3 |   2.0 |  11.6 | 141.1
       Dungeon |  78.1 |  78.1 |   0.3 |   2.1 |  12.2 | 134.7
        Temple |   1.3 |   1.4 |   0.0 |   0.0 |   4.8 |  21.0
         Sewer |  20.5 |  20.6 |   0.0 |   1.6 |   9.7 | 319.0
               +-------+-------+-------+-------+-------+----------------------

Table legend:
 A = Kills in this place as a percentage of kills in entire the game.
 B = Kills by you in this place as a percentage of kills by you in the entire game.
 C = Kills by friends in this place as a percentage of kills by friends in the entire game.
 D = Other kills in this place as a percentage of other kills in the entire game.
 E = Experience gained in this place as a percentage of experience gained in the entire game.
 F = Experience gained in this place divided by the number of levels of this place that you have seen.
                   A       B       C       D       E      F
               +-------+-------+-------+-------+-------+----------------------
         Total | 100.0 | 100.0 |  -nan |  -nan | 100.0 | 161.4
       Dungeon |  68.6 |  68.6 |  -nan |  -nan |  92.8 | 183.0
         Sewer |  31.4 |  31.4 |  -nan |  -nan |   7.2 | 128.0
               +-------+-------+-------+-------+-------+----------------------

Vault maps used:
D:1:      lightli_iron_boxes, nrook_mini_backslash
D:2:      uniq_robin
D:3:      lightli_sewer_entry_pipes, uniq_natasha
D:6:      grunt_temple_overflow_open, uniq_pikel, uniq_blork_the_orc,
          uniq_grinder
D:7:      grunt_livestock, fedhas_altar_3
D:10:     lair_0_dummy, david_orc_4, basic_altar, nrook_pool_corridor,
          glass_columns_b, uniq_joseph, uniq_erica, uniq_gastronok
D:12:     serial_shops, shop
Temple:   lightli_temple_of_artemis
Sewer:    sewer_minmay_treatment
